 Dungeon Crawl Stone Soup version 0.24.0-123-gd5b16e6ec5 (webtiles) character file.

Game seed: 10194691064088614038, levelgen mode: deterministic

44 Heskey1 the Skirmisher (level 3, 0/24 HPs)
             Began as a Gargoyle Fighter on Dec 21, 2019.
             Slain by a gnoll
             ... wielding a cursed -2 halberd
              (10 damage)
             ... on level 1 of the Dungeon.
             The game lasted 00:03:58 (300 turns).

Heskey1 the Skirmisher (Gargoyle Fighter)            Turns: 300, Time: 00:03:59

Health: 0/24       AC: 11    Str: 20    XL:     3   Next: 60%
Magic:  3/3        EV:  7    Int:  8    God:
Gold:   41         SH:  9    Dex:  9    Spells: 2/2 levels left

rFire    . . .     SeeInvis .   a - +0 flail
rCold    . . .     Gourm    .   c - +0 shield
rNeg     + . .     Faith    .   b - +0 scale mail
rPois    ∞         Spirit   .   (no helmet)
rElec    +         Reflect  .   (no cloak)
rCorr    .         Harm     .   (no gloves)
MR       .....                  h - +0 pair of boots
Stlth    ..........             (no amulet)
HPRegen  0.08/turn              (no ring)
MPRegen  0.08/turn              (no ring)

@: no status effects
A: negative energy resistance 1, electricity resistance, unbreathing,
petrification resistance, rot immunity, AC +3
a: no special abilities


You were on level 1 of the Dungeon.
You were not hungry.

You visited 1 branch of the dungeon, and saw 1 of its levels.

You collected 41 gold pieces.

Inventory:

Hand Weapons
 a - a +0 flail (weapon)
Armour
 b - a +0 scale mail (worn)
 c - a +0 shield (worn)
 h - a +0 pair of boots (worn)
Scrolls
 g - a scroll of identify {unknown}
 j - a scroll of amnesia {unknown}
 k - a scroll of noise {unknown}
Potions
 d - a potion of might
 e - 4 potions of curing {unknown}
Comestibles
 f - 2 rations


   Skills:
 + Level 3.9 Fighting
 * Level 3.1 Maces & Flails
 - Level 3.3 Armour
 - Level 3.4 Shields


You had 2 spell levels left.
You didn't know any spells.
Your spell library was empty.

Dungeon Overview and Level Annotations

Branches:
Dungeon (1/15)

Altars:


Innate Abilities, Weirdness & Mutations

You are resistant to torment.
Your stone body is resilient. (AC +3)
You are immune to poison.
You resist negative energy. (rN+)
You are resistant to electric shocks. (rElec)
You can survive without breathing.
You are immune to petrification.
You are immune to rotting.


Message History

You kill the ooze!
You block the gnoll's attack. You block the gnoll's attack.
Your shield prevents you from hitting the gnoll.
The gnoll hits you with a cursed -2 halberd!
You closely miss the gnoll. The gnoll hits you but does no damage.
You hit the gnoll.
The gnoll is moderately wounded.
The gnoll hits you with a cursed -2 halberd.
You are too injured to fight recklessly!
You are too injured to fight recklessly!
You are too injured to fight recklessly!
You are too injured to fight recklessly!
Your shield and scale mail prevent you from hitting the gnoll.
The gnoll is moderately wounded.
The gnoll barely misses you.
You hit the gnoll.
The gnoll is severely wounded.
The gnoll hits you with a cursed -2 halberd!
You die...

## #†# #
######.#####
...........#
...........## ##
###.#####..##.#.
........#..##.#.##
.......[# .......#
........# ####g.##
...<....# #.@.###
........# #..#.?.#
........# #.####?#
........... #.
#.## ####.####..#
. #..# ... ..###
##.# . .... .#
#.## #. ####
###### #..###
#.########
#....###....#


You could see a gnoll.

Vanquished Creatures
  A gnoll (D:1)
  2 oozes (D:1)
  A dart slug (D:1)
  2 leopard geckos (D:1)
  A giant cockroach (D:1)
  2 hobgoblins (D:1)
  4 bats (D:1)
  A frilled lizard (D:1)
  A goblin (D:1)
  6 kobolds (D:1)
  2 rats (D:1)
23 creatures vanquished.

Notes
Turn   | Place    | Note
-------+----------+-------------------------------------------
     0 | D:1      | Heskey1 the Gargoyle Fighter began the quest for the Orb.
     0 | D:1      | Reached XP level 1. HP: 14/14 MP: 1/1
    29 | D:1      | Reached XP level 2. HP: 17/20 MP: 2/2
   206 | D:1      | Reached XP level 3. HP: 22/24 MP: 3/3
   300 | D:1      | Slain by a gnoll

Levels and vault maps discovered:
D:1:      lemuel_arrival_room, layout_rooms

Skill      XL: |  1  2  3 |
---------------+----------+-----
Maces & Flails | 3 |  3.1
Fighting       | |  3.9
Armour         | |  3.3
Shields        | |  3.4

Action                   || total
-------------------------++-------
Melee: Flail             ||   105
Armor: Scale mail        ||    67
Dodge: Dodged            ||    39
Block: Shield            ||    66
